AoeStats
← Toblerone Order

African Clearing

506845279Analyzed
4v4 RM · 17d ago on Sep 15, 2026· 49m 36s· 8 players
Game mode
Random Map
Map size
Large (8 player)
Population
200
Speed
Normal
Resources
Standard
Victory
Conquest
Starting age
Dark Age
Ending age
Imperial Age
RankedLock teamsTeams togetherTeam positionsShared explorationLock speedFull tech treeHidden civsTurbo modeCheats
Victory
Defeat
🇨🇳 Poles · China
1530
+14
🇨🇳 Mongols · China
1492
+16
🇻🇳 Mapuche · Vietnam
1450
+18
1384
+20
🇧🇷 Hindustanis · Brazil
1520
-18
🇹🇷 Georgians · Türkiye
1497
-17
🇨🇴 Mongols · Colombia
1482
-17
🇧🇷 Maya · Brazil
1462
-16
反派世界男主角
5:08 Loom
12:49 Feudal Age
13:12 Double-Bit Axe
17:56 Castle Age
15:55 Horse Collar
18:11 Scale Barding Armor
19:25 Bow Saw
24:58 Gold Mining
26:34 Wheelbarrow
27:22 Bloodlines
28:00 Chain Barding Armor
27:50 Heavy Plow
29:31 Forging
32:49 Hand Cart
33:10 Gold Shaft Mining
32:18 Light Cavalry
38:18 Imperial Age
37:09 Husbandry
38:46 Iron Casting
39:39 Two-Man Saw
39:14 Crop Rotation
38:26 Cavalier
40:01 Plate Barding Armor
41:16 Blast Furnace
39:48 Hussar
41:41 Savar
42:28 Stone Mining
44:44 Conscription
岁月淹及
13:04 Feudal Age
11:32 Loom
16:54 Castle Age
14:42 Double-Bit Axe
14:58 Horse Collar
18:30 Bow Saw
18:24 Fletching
19:09 Heavy Plow
23:21 Town Watch
24:42 Bodkin Arrow
27:17 Gold Mining
27:18 Stone Mining
30:22 Wheelbarrow
30:38 Ballistics
32:00 Masonry
33:01 Bloodlines
32:51 Husbandry
33:48 Hand Cart
38:01 Imperial Age
35:28 Stone Mining
36:45 Gold Shaft Mining
36:47 Stone Shaft Mining
36:13 Padded Archer Armor
38:03 Leather Archer Armor
38:47 Bracer
39:48 Chemistry
39:48 Parthian Tactics
40:35 Hoardings
40:45 Gold Shaft Mining
42:38 Siege Engineers
44:52 Conscription
45:18 Conscription
46:20 Elite Mangudai
47:43 Capped Ram
49:26 Siege Ram
Valodimer
5:29 Loom
14:20 Feudal Age
15:30 Double-Bit Axe
16:38 Gold Mining
19:20 Castle Age
18:04 Fletching
20:23 Bow Saw
20:58 Gold Shaft Mining
21:52 Ballistics
22:02 Bodkin Arrow
24:18 Padded Archer Armor
26:00 Leather Archer Armor
28:59 Horse Collar
31:49 Wheelbarrow
31:50 Town Watch
33:27 Heavy Plow
35:54 Hand Cart
35:47 Town Patrol
36:30 Malon
40:58 Imperial Age
38:49 Stone Mining
41:53 Butalmapu
41:12 Elite Bolas Rider
42:23 Crop Rotation
42:39 Ring Archer Armor
43:11 Chemistry
43:01 Conscription
47:01 Siege Engineers
47:46 Treadmill Crane
49:47 Murder Holes
50:02 Masonry
50:32 Hoardings
UU
5:10 Loom
13:38 Feudal Age
17:38 Castle Age
15:42 Double-Bit Axe
16:23 Horse Collar
18:12 Town Watch
24:24 Bow Saw
24:33 Heavy Plow
25:15 Wheelbarrow
25:39 Gold Mining
25:44 Stone Mining
26:07 Gold Mining
29:42 Szlachta Privileges
30:10 Scale Barding Armor
32:12 Chain Barding Armor
31:55 Husbandry
32:05 Bloodlines
37:14 Imperial Age
35:04 Hand Cart
35:20 Fletching
35:41 Forging
37:19 Cavalier
38:24 Conscription
38:41 Iron Casting
38:18 Masonry
39:18 Ballistics
38:31 Light Cavalry
40:58 Blast Furnace
39:54 Bodkin Arrow
40:38 Crop Rotation
40:46 Winged Hussar
43:28 Chemistry
45:34 Capped Ram
Toblerone Order
9:16 Loom
12:23 Feudal Age
16:02 Castle Age
13:58 Double-Bit Axe
15:06 Gold Mining
16:59 Bow Saw
20:26 Wheelbarrow
20:20 Horse Collar
20:56 Fletching
26:39 Heavy Plow
27:27 Stone Mining
29:02 Fervor
29:13 Sanctity
29:49 Stone Shaft Mining
30:34 Hand Cart
35:54 Imperial Age
33:56 Treadmill Crane
34:37 Ballistics
34:44 Scale Barding Armor
35:02 Town Watch
36:56 Block Printing
37:40 Chain Barding Armor
37:30 Forging
40:21 Iron Casting
43:00 Plate Barding Armor
43:00 Conscription
43:02 Husbandry
43:13 Bloodlines
44:19 Blast Furnace
42:56 Elite Monaspa
45:31 Crop Rotation
45:55 Aznauri Cavalry
46:24 Bodkin Arrow
48:05 Coinage
47:09 Pikeman
47:50 Squires
48:51 Blast Furnace
47:51 Scale Mail Armor
49:26 Svan Towers
49:58 Bracer
Bet0
9:52 Loom
12:33 Feudal Age
16:13 Castle Age
17:39 Double-Bit Axe
19:37 Town Watch
21:37 Fletching
23:11 Bodkin Arrow
24:20 Wheelbarrow
25:00 Padded Archer Armor
27:49 Bow Saw
29:47 Horse Collar
31:28 Leather Archer Armor
34:25 Imperial Age
32:53 Gold Mining
33:59 Heavy Plow
34:18 Scale Mail Armor
34:12 Eagle Warrior
37:25 Hand Cart
39:01 Ballistics
39:34 Bracer
40:26 Crop Rotation
41:03 Leather Archer Armor
43:30 Two-Man Saw
42:12 Elite Plumed Archer
45:08 Ring Archer Armor
45:46 Stone Mining
46:51 Elite Skirmisher
dialchacri
12:24 Feudal Age
13:41 Loom
16:39 Castle Age
15:06 Double-Bit Axe
15:05 Horse Collar
21:38 Bow Saw
24:03 Town Watch
25:36 Fletching
27:42 Wheelbarrow
29:41 Bodkin Arrow
32:01 Padded Archer Armor
34:12 Ballistics
36:23 Imperial Age
35:21 Leather Archer Armor
37:19 Bracer
37:23 Husbandry
37:54 Conscription
38:57 Chemistry
38:28 Bloodlines
39:20 Elite Mangudai
42:49 Scale Barding Armor
42:54 Forging
42:05 Light Cavalry
44:07 Hussar
45:32 Hand Cart
45:39 Chain Barding Armor
48:01 Iron Casting
GuguBot
13:37 Feudal Age
13:42 Loom
17:20 Castle Age
21:40 Scale Mail Armor
23:27 Scale Barding Armor
24:12 Bloodlines
28:57 Fletching
30:25 Fishing Lines
34:30 Chain Barding Armor
34:20 Forging
36:48 Husbandry
38:54 Iron Casting
40:08 Horse Collar
40:24 Gillnets
46:21 Imperial Age
46:27 Heavy Camel Rider
47:33 Conscription
49:05 Plate Barding Armor
49:32 Blast Furnace
Connection lost

Rejoining the realm…

Still unreachable

The connection could not be restored.

Session expired

The server has moved on; the page needs a fresh start.